 Dungeon Crawl Stone Soup version 0.13.1-19-g4b9377e (webtiles) character file.

244 Kae the Firebug (level 4, 0/30 HPs)
             Began as a Demonspawn Fire Elementalist on Dec 24, 2013.
             Slain by a gnoll
             ... wielding a +1,+2 halberd
              (5 damage)
             ... on Level 2 of the Dungeon.
             The game lasted 00:03:40 (2119 turns).

Kae the Firebug (Demonspawn Fire Elementalist)      Turns: 2119, Time: 00:03:41

HP   0/30        AC  2     Str  8      XL: 4   Next: 92%
MP   0/7         EV 12     Int 23      God:
Gold 112         SH  0     Dex 13      Spells:  1 memorised,  5 levels left

Res.Fire  : . . .   See Invis. : .   (no weapon)
Res.Cold  : + . .   Warding    : .   a - +0 robe
Life Prot.: . . .   Conserve   : .   (no shield)
Res.Poison: .       Res.Corr.  : .   (no helmet)
Res.Elec. : .       Clarity    : .   (no cloak)
Sust.Abil.: . .     Spirit.Shd : .   (no gloves)
Res.Mut.  : .       Stasis     : .   (no boots)
Res.Rott. : .       Flight     : .   (no amulet)
Saprovore : . . .                    (no ring)
                                     e - cursed ring of hunger

@: about to teleport, brilliant, slightly resistant to hostile enchantments,
unstealthy
A: hooves 1, cold resistance 1
a: no special abilities


You were on level 2 of the Dungeon.
You were hungry.

You visited 1 branch of the dungeon, and saw 2 of its levels.

You collected 92 gold pieces.

Inventory:

Missiles
 k - 24 darts (quivered)
 m - 11 exploding darts
Armour
 a - a +0 robe (worn)
Magical devices
 f - a wand of digging (9) {unknown}
Comestibles
 c - 3 bread rations
 n - 2 chunks of human flesh
 o - a chunk of adder flesh
 p - 2 chunks of jackal flesh
Scrolls
 l - a scroll of curse weapon {unknown}
Jewellery
 e - a cursed ring of hunger (left hand)
Potions
 g - a potion of resistance {unknown}
 h - a potion of heal wounds {unknown}
 j - a potion of restore abilities {unknown}
Books
 b - a book of Flames

   Spells                             Type                      Level
   *Flame Tongue                      Conjuration/Fire             1
   Throw Flame                        Conjuration/Fire             2
   Conjure Flame                      Conjuration/Fire             3
   Inner Flame                        Hexes/Fire                   3
   Sticky Flame                       Conjuration/Fire             4
   Fireball                           Conjuration/Fire             5


   Skills:
 - Level 1.8 Dodging
 - Level 1.8 Stealth
 + Level 1.7 Spellcasting
 * Level 3.1 Conjurations
 * Level 3.9 Fire Magic


You had 5 spell levels left.
You knew the following spells:

 Your Spells              Type           Power        Failure   Level  Hunger
a - Flame Tongue          Conj/Fire      ####.        1%          1    #......


Dungeon Overview and Level Annotations

Branches:
Dungeon (2/27)

Altars:
Yredelemnul


Innate Abilities, Weirdness & Mutations

You have large cloven feet.
Your flesh is cold resistant.


Message History

You don't have enough magic to cast that spell.
Casting: Flame Tongue
Confirm with . or Enter, or press ? or * to list all spells.
You don't have enough magic to cast that spell.
Casting: Flame Tongue
Confirm with . or Enter, or press ? or * to list all spells.
You don't have enough magic to cast that spell.
Read which item? (? for menu, Esc to quit)
As you read the scroll of teleportation, it crumbles to dust.
You feel strangely unstable. The gnoll barely misses you.
The gnoll hits you with a club.
* * * LOW HITPOINT WARNING * * *
Sorry, you're not good enough to have a special ability.
Read which item? (? for menu, Esc to quit)
Okay, then.
Drink which item? (? for menu, Esc to quit)
You feel clever all of a sudden.
It was a potion of brilliance.
The gnoll hits you from afar with a halberd.
You die...

#.# #. # #.# #.
#.#.# #. #.#.# #.
#...###########.
#.....g.....#.
#.#########.#.#
##.#########g#.#
#........g)@.#.#
#..###########.#
#..# #.# #..# #.#
#%.# #.# ##..### #.#
#.....# #.########
#####.###.####
#.%......# ....%.#
#....########.####.#


You could see 2 gnolls.

Vanquished Creatures
  Jessica (D:2)
  3 gnolls
  4 adders (D:2)
  A giant gecko (D:1)
  6 bats (D:1)
  3 giant cockroaches (D:1)
  4 goblins
  10 hobgoblins
  7 jackals
  2 kobolds
  2 quokkas (D:2)
  4 giant newts (D:1)
  3 rats
50 creatures vanquished.

Notes
Turn   | Place    | Note
--------------------------------------------------------------
     0 | D:1      | Kae, the Demonspawn Fire Elementalist, began the quest for the Orb.
     0 | D:1      | Reached XP level 1. HP: 13/13 MP: 3/3
   305 | D:1      | Gained mutation: Your flesh is cold resistant. [demonic ancestry]
   305 | D:1      | Reached XP level 2. HP: 14/19 MP: 1/4
   368 | D:1      | Reached skill level 3 in Fire Magic
   732 | D:1      | Gained mutation: You have large cloven feet. [demonic ancestry]
   732 | D:1      | Reached XP level 3. HP: 8/24 MP: 1/5
  1641 | D:2      | Reached XP level 4. HP: 10/30 MP: 0/7
  1941 | D:2      | Found a basalt altar of Yredelemnul.
  2051 | D:2      | Noticed Jessica
  2054 | D:2      | Killed Jessica
  2119 | D:2      | Slain by a gnoll

Action                   |  1- 3 |  4- 6 || total
-------------------------+-------+-------++-------
Melee: Unarmed           |    85 |    12 ||    97
 Cast: Flame Tongue      |    58 |    27 ||    85
  Use: Scroll            |     3 |     1 ||     4
       Potion            |       |     1 ||     1
